Map: Cyber Forest LE

Players

Smeeeger - Winner!

  • Race: Terran Terran
  • League: Platinum
  • Spawn Location: 11:00

Brem

  • Race: Terran Terran
  • League: Gold
  • Spawn Location: 5:00

VOD

Have the link to the VOD?

Description

Time

  • Played on: July 24, 2019, 6:11 p.m.
  • Length: 4:15
Show
View Real Time Build Order
Export as new Build Order

Smeeeger Terran - Winner!

Build Orders:  

Get SALT Encoding   

  12  0:01  SCV  
  13  0:16  Supply Depot  
  13  0:19  SCV  
  14  0:31  SCV  
  15  0:38  Barracks  
  15  0:44  Refinery  
  15  0:46  SCV  
  16  0:58  SCV  
  17  1:11  SCV  
  18  1:25  Orbital Command  
  18  1:38  Barracks Reactor  
  18  1:45  Command Center  
  18  1:56  SCV  
  19  2:07  Supply Depot  
  19  2:08  SCV  
  20  2:14  Marine x2  
  22  2:20  Barracks, SCV  
  23  2:32  SCV  
  24  2:38  Marine x2  
  26  2:56  Marine x2  
  28  2:59  Orbital Command  
  28  3:06  SCV  
  28  3:09  Barracks Tech Lab  
  29  3:14  Marine x2  
  31  3:24  Barracks  
  31  3:26  SCV x2  
  33  3:29  Marine  
  33  3:32  Marine  
  35  3:36  Marine  
  35  3:38  SCV x2  
  38  3:44  Supply Depot  
  38  3:46  Marine  
  39  3:49  Marine  
  39  3:50  SCV x2  
  39  3:54  Marine  
  43  3:57  Factory  
  43  3:58  Refinery  
Show
View Real Time Build Order
Export as new Build Order

Brem Terran 

Build Orders:  

Get SALT Encoding   

  12  0:01  SCV  
  13  0:13  SCV  
  14  0:18  Supply Depot  
  14  0:30  SCV  
  16  0:42  SCV  
  16  0:46  Supply Depot  
  16  0:54  SCV  
  17  1:07  SCV  
  17  1:08  Supply Depot  
  18  1:14  Refinery  
  18  1:19  SCV  
  18  1:22  Barracks  
  19  1:31  SCV  
  20  1:35  Supply Depot  
  20  1:43  SCV  
  21  1:53  Refinery  
  21  1:55  SCV  
  22  2:04  Barracks  
  22  2:07  SCV  
  23  2:12  Engineering Bay  
  23  2:13  Marine  
  24  2:28  SCV  
  25  2:31  Marine  
  26  2:48  Marine  
  27  2:57  Barracks Reactor  
  27  3:06  Marine  
  28  3:19  Command Center  
  28  3:23  Factory  
  28  3:24  Marine  
  28  3:25  Orbital Command  
  29  3:31  Factory  
  29  3:36  Marine x2  
  31  3:42  Marine  
  31  3:48  Supply Depot  
  33  4:11  Supply Depot  
Tags
 
Matchup
TvT
Race
Terran
Replay Pack
SC2 replays
Spawn Locations
Cross Positions
Add a new tag
Caveats
  • Supply blocks, unpowered buildings, or Contaminate may cause inaccurate times.
  • Supply counts are checked every 10 seconds.